 Dungeon Crawl Stone Soup version 0.21-a0-578-gc6e9d75 (webtiles) character file.

8 tidbits the Scratcher (level 2, -2/12 HPs)
             Began as a Felid Transmuter on Dec 19, 2017.
             Slain by a goblin (3 damage)
             ... on level 1 of the Dungeon.
             The game lasted 00:02:07 (181 turns).

tidbits the Scratcher (Felid Transmuter)             Turns: 181, Time: 00:02:09

Health: -2/12      AC:  1    Str:  6    XL:     2   Next: 0%
Magic:  4/6        EV: 18    Int: 14    God:
Gold:   13         SH:  0    Dex: 16    Spells: 4/5 levels left
                                        Lives:  0   Deaths: 0

rFire    . . .     SeeInvis +     - Unarmed
rCold    . . .     Gourm    .   (shield unavailable)
rNeg     . . .     Faith    .   (armour unavailable)
rPois    .         Spirit   .   (helmet unavailable)
rElec    .         Reflect  .   (cloak unavailable)
rCorr    .         Harm     .   (gloves unavailable)
MR       .....                  (boots unavailable)
Stlth    ++........             (no amulet)
HPRegen  0.04/turn              (no ring)
MPRegen  0.10/turn              (no ring)

@: appendage (expiring), quick
A: very small, no armour, no weapons or thrown items, stealth, claws 1, fangs 3,
horns 2, see invisible, carnivore, speed 1, shaggy fur 1, slow metabolism 1,
sharp paws
a: End Transformation


You were on level 1 of the Dungeon.
You were not hungry.
You had grown temporary horns.
You visited 1 branch of the dungeon, and saw 2 of its levels.

You collected 13 gold pieces.

Inventory:

Missiles
 a - 12 arrows
Books
 b - a book of Changes

   Spells                             Type                      Level
   a - Beastly Appendage              Transmutation                1
   b - Sticks to Snakes               Transmutation                2
   c - Spider Form                    Transmutation/Poison         3
   d - Ice Form                       Ice/Transmutation            4
   e - Blade Hands                    Transmutation                5
Comestibles
 c - a ration


   Skills:
 + Level 1.2 Fighting
 + Level 2.9 Dodging
 + Level 3.1 Unarmed Combat
 + Level 2.1 Spellcasting
 + Level 2.3 Transmutations


You had 4 spell levels left.
You knew the following spells:

 Your Spells              Type           Power        Failure   Level  Hunger
e - Beastly Appendage     Tmut           #.....       9%          1    ##.....


Dungeon Overview and Level Annotations

Branches:
Dungeon (2/15)

Altars:


Innate Abilities, Weirdness & Mutations

You cannot wear armour.
You are incapable of wielding weapons or throwing items.
Your paws allow you to move quietly. (Stealth)
You have sharp claws.
You have razor-sharp teeth.
You have supernaturally acute eyesight. (SInv)
You are carnivorous and can eat meat at any time.
You cover ground quickly.
You are covered in fur. (AC +1)
You have a slow metabolism.
Your sharp claws are effective at attacking unaware monsters.
You have a pair of horns on your head.


Message History

You climb downwards.
There is a stone staircase leading up here.
Your transformation is almost over.
You open the door.
Found a ring mail, 13 gold pieces and 26 sling bullets.
There is an open door here.
You now have 13 gold pieces.
Your horns disappear.
An ooze comes into view.
A goblin comes into view.
The ooze quivers.
A worm comes into view.
Found 18 sling bullets.
You pounce on the unaware helpless goblin!
You scratch the goblin.
You kill the goblin!
An adder comes into view.
The adder hisses angrily.
Found a plate armour.
You scratch the ooze.
The ooze is heavily wounded.
The ooze completely misses you.
A hobgoblin comes into view.
The ooze completely misses you.
You see here a goblin corpse.
There is an open door here.
There is a stone staircase leading up here.
You climb upwards.
There is a stone staircase leading down here.
A leopard gecko comes into view.
The leopard gecko hisses angrily.
A giant cockroach comes into view.
The giant cockroach completely misses you.
Casting: Beastly Appendage
Confirm with . or Enter, or press ? or * to list all spells.
You miscast Beastly Appendage.
You are very lightly contaminated with residual magic.
Nothing appears to happen.
The giant cockroach misses you.
Casting: Beastly Appendage
Confirm with . or Enter, or press ? or * to list all spells.
You grow a pair of large bovine horns.
The giant cockroach completely misses you.
You scratch the giant cockroach but do no damage.
The giant cockroach misses you. x2
You scratch the giant cockroach but do no damage.
The giant cockroach completely misses you.
You barely miss the giant cockroach. The giant cockroach barely misses you.
You closely miss the giant cockroach. The giant cockroach barely misses you.
You scratch the giant cockroach but do no damage.
You headbutt the giant cockroach.
The giant cockroach is moderately wounded.
The giant cockroach closely misses you.
You closely miss the giant cockroach. You headbutt the giant cockroach.
You bite the giant cockroach.
The giant cockroach is almost dead.
Your transformation is almost over.
The giant cockroach misses you.
You claw the giant cockroach!
You kill the giant cockroach!
You closely miss the leopard gecko. The leopard gecko barely misses you.
You scratch the leopard gecko but do no damage.
The leopard gecko misses you.
You scratch the leopard gecko but do no damage.
The leopard gecko misses you.
You scratch the leopard gecko.
The leopard gecko is moderately wounded.
The leopard gecko bites you.
You miss the leopard gecko.
The leopard gecko is moderately wounded.
The leopard gecko closely misses you. The leopard gecko barely misses you.
You completely miss the leopard gecko. Your bite misses the leopard gecko.
The leopard gecko is moderately wounded.
The leopard gecko bites you.
* * * LOW HITPOINT WARNING * * *
You are too injured to fight recklessly!
You are too injured to fight recklessly!
You scratch the leopard gecko.
You kill the leopard gecko!
You see here a leopard gecko corpse.
Your horns disappear.
Your magical contamination has completely faded away.
A kobold comes into view. It is wielding a short sword.
The kobold shouts!
You hear a shout!
Casting: Beastly Appendage
Confirm with . or Enter, or press ? or * to list all spells.
You grow a pair of large bovine horns.
You scratch the kobold but do no damage.
The kobold barely misses you.
A goblin comes into view.
You scratch the kobold.
You kill the kobold!
You have reached level 2!
You see here a short sword.
You closely miss the goblin. Your headbutt misses the goblin.
The goblin hits you.
* * * LOW HITPOINT WARNING * * *
You closely miss the goblin.
Your transformation is almost over.
The goblin hits you.
You die...

# # # # # ###
######################..
......g@)..............#
###############...######
................
#######..####### #...
..... #.#.......
#.#..##### #.##......
#.##......


You could see a goblin.

Vanquished Creatures
  A leopard gecko (D:1)
  2 giant cockroaches (D:1)
  2 goblins
  A kobold (D:1)
6 creatures vanquished.

Notes
Turn   | Place    | Note
-------+----------+-------------------------------------------
     0 | D:1      | tidbits the Felid Transmuter began the quest for the Orb.
     0 | D:1      | Reached XP level 1. HP: 9/9 MP: 4/4
   176 | D:1      | Reached XP level 2. HP: 4/12 MP: 4/6
   180 | D:1      | HP: 1/12 [goblin (3)]
   181 | D:1      | Slain by a goblin

Vault maps used:
D:1:      shiori_arrival_oz, minmay_misc_feat_cross

Action                   || total
-------------------------++-------
Melee: Unarmed           ||    27
       Headbutt          ||     2
       Bite              ||     1
 Cast: Beastly Appendage ||     4
 Stab: Sleeping          ||     1
Dodge: Dodged            ||    22

Table legend:
 A = Spawn XP
 B = Non-spawn XP
 C = Spawn XP percentage of total XP
 D = Spawn monster count
 E = Non-spawn monster count
 F = Spawn count percentage of total count
 G = Total turns spent on level
                    A         B        C        D         E        F      G
               +---------+---------+-------+---------+---------+-------+---------
         Total |       0 |      12 |   0.0 |       0 |       6 |   0.0 |   181
               +---------+---------+-------+---------+---------+-------+---------
           D:1 |       0 |      10 |   0.0 |       0 |       5 |   0.0 |   141
           D:2 |       0 |       2 |   0.0 |       0 |       1 |   0.0 |    40
               +---------+---------+-------+---------+---------+-------+---------

Table legend:
 A = Turns spent in this place as a percentage of turns spent in the entire game.
 B = Non-inter-level travel turns spent in this place as a percentage of non-inter-level travel turns spent in the entire game.
 C = Inter-level travel turns spent in this place as a percentage of turns spent in this place.
 D = Turns resting spent in this place as a percentage of non-inter-level travel turns spent in this place.
 E = Turns spent auto-exploring this place as a percentage of non-inter-level travel turns spent in this place.
 F = Non-inter-level travel turns spent in this place divided by the number of levels of this place that you've seen.
                   A       B       C       D       E      F
               +-------+-------+-------+-------+-------+----------------------
         Total | 100.0 | 100.0 |   0.0 |   0.0 |   0.0 |  90.5
       Dungeon | 100.0 | 100.0 |   0.0 |   0.0 |   0.0 |  90.5
               +-------+-------+-------+-------+-------+----------------------

Table legend:
 A = Kills in this place as a percentage of kills in entire the game.
 B = Kills by you in this place as a percentage of kills by you in the entire game.
 C = Kills by friends in this place as a percentage of kills by friends in the entire game.
 D = Other kills in this place as a percentage of other kills in the entire game.
 E = Experience gained in this place as a percentage of experience gained in the entire game.
 F = Experience gained in this place divided by the number of levels of this place that you have seen.
                   A       B       C       D       E      F
               +-------+-------+-------+-------+-------+----------------------
         Total | 100.0 | 100.0 |   N/A |   N/A | 100.0 |   6.0
       Dungeon | 100.0 | 100.0 |   N/A |   N/A | 100.0 |   6.0
               +-------+-------+-------+-------+-------+----------------------

Vault maps used:
D:1:      shiori_arrival_oz, minmay_misc_feat_cross
